 Dungeon Crawl Stone Soup version 0.25-a0-488-g03579ab (webtiles) character file.

Game seed: 12649234776158143080, levelgen mode: deterministic

10262 15 the Fighter (level 11, -11/121 HPs)
             Began as a Black Draconian Transmuter on Feb 10, 2020.
             Was a Priest of Wu Jian.
             Killed by divine providence
             ... invoked by an orc priest
              (15 damage)
             ... on level 10 of the Dungeon.
             The game lasted 01:00:50 (11732 turns).

15 the Fighter (Black Draconian Transmuter)        Turns: 11732, Time: 01:00:52

Health: -11/121    AC:  6    Str: 15    XL:     11   Next: 33%
Magic:  21/21      EV: 12    Int: 19    God:    Wu Jian [***...]
Gold:   348        SH:  0    Dex: 11    Spells: 8/24 levels left

rFire    x . .     SeeInvis .     - Unarmed
rCold    + + +     Gourm    .   (shield currently unavailable)
rNeg     . . .     Faith    .   (armour unavailable)
rPois    +         Spirit   .   (helmet currently unavailable)
rElec    .         Reflect  .   (cloak currently unavailable)
rCorr    .         Harm     .   (gloves currently unavailable)
MR       .....                  (boots currently unavailable)
Stlth    ++........             (no amulet)
HPRegen  0.30/turn              j - ring of poison resistance
MPRegen  0.17/turn              v - +4 ring of intelligence

@: ice-form (expiring), studying Fighting
A: large, (breathe lightning), unfitting armour, AC +7
a: End Transformation, Wall Jump, Serpent's Lash, Renounce Religion


You were on level 10 of the Dungeon.
You worshipped Wu Jian.
Wu Jian was most pleased with you.
You were hungry.
You were a creature of crystalline ice.
You visited 2 branches of the dungeon, and saw 11 of its levels.
You also visited: Ossuary.

You collected 516 gold pieces.
You spent 168 gold pieces at shops.

Inventory:

Hand Weapons
 z - a +5 great sword
 J - a +0 vorpal scimitar
Missiles
 a - 112 arrows
Armour
 f - a +2 hat (melded)
 p - a +0 pair of gloves (melded)
 y - a scarf of resistance (melded)
 D - a +0 pair of boots (melded)
 F - a +2 cloak
Jewellery
 b - a +1 ring of evasion
 d - a +2 ring of protection
 j - a ring of poison resistance (left front paw)
 v - a +4 ring of intelligence (right front paw)
 B - an uncursed ring of magical power
 K - an uncursed ring of wizardry
Wands
 t - a wand of paralysis (8)
 x - a wand of digging (4)
 A - a wand of flame (1)
 E - a wand of disintegration (2)
Scrolls
 g - 2 scrolls of amnesia
 k - a scroll of teleportation
 l - 2 scrolls of blinking {unknown}
 m - a scroll of enchant weapon
 n - 2 scrolls of enchant armour
 o - 4 scrolls of remove curse
 q - 2 scrolls of immolation
 s - 3 scrolls of fog {unknown}
 H - 2 scrolls of fear {unknown}
Potions
 e - a potion of ambrosia
 h - 4 potions of curing
 i - a potion of resistance
 r - a potion of magic
 u - 3 potions of mutation
 C - a potion of agility
 G - 2 potions of flight
Books
 w - a manual of Fighting
Comestibles
 c - 18 rations
 I - a chunk of flesh


   Skills:
 * Level 10.4 Fighting
 * Level 5.8 Dodging
 + Level 2.8 Stealth
 + Level 10.3 Unarmed Combat
 * Level 7.0 Spellcasting
 + Level 1.4 Hexes
 * Level 6.1 Transmutations
 + Level 1.6 Ice Magic
 + Level 1.7 Poison Magic
 * Level 5.2 Evocations


You had 8 spell levels left.
You knew the following spells:

 Your Spells              Type           Power        Failure   Level  Hunger
a - Beastly Appendage     Tmut           ####..       1%          1    None
b - Sticks to Snakes      Tmut           ####....     1%          2    None
c - Spider Form           Tmut/Pois      ###.......   6%          3    #......
d - Corona                Hex            ##.....      6%          1    None
e - Ice Form              Ice/Tmut       ###.....     21%         4    ###....
f - Blade Hands           Tmut           ####......   22%         5    #####..

Your spell library contained the following spells:

 Spells                   Type           Power        Failure   Level  Hunger
 Ensorcelled Hibernation  Hex/Ice        ##....       9%          2    None
 Confusing Touch          Hex            ##......     17%         3    #......
 Tukima's Dance           Hex            ##......     17%         3    #......
 Dazzling Flash           Conj/Hex       #.....       22%         3    #......


Dungeon Overview and Level Annotations

Branches:
Dungeon (10/15)            Temple (1/1) D:6            Lair (0/6) D:9
    Orc (0/2) D:9         Ossuary (visited)

Altars:
Ashenzari
Cheibriados
Dithmenos
Elyvilon
Fedhas
Gozag
Hepliaklqana
Kikubaaqudgha
Makhleb
Nemelex Xobeh
Okawaru
Qazlal
Ru
Sif Muna
Trog
Uskayaw
Vehumet
Wu Jian
Xom
Yredelemnul
Zin
The Shining One
Beogh

Shops:
D:4 [   D:9 (


Innate Abilities, Weirdness & Mutations

((You can breathe wild blasts of lightning.))
((Your glossy black scales are hard. (AC +7)))
You cannot fit into any form of body armour.
((You are resistant to electric shocks. (rElec)))
((You are cold-blooded and may be slowed by cold attacks.))


Message History

You punch the killer bee! You freeze the killer bee.
The killer bee is severely wounded.
The killer bee stings you.
* * * LOW HITPOINT WARNING * * *
The orc priest hits you from afar with a +0 trident.
* * * LOW HITPOINT WARNING * * *
Unknown command.
As you read the scroll labeled CEOWOASUUMM, it crumbles to dust.
It is a scroll of amnesia.
Really abort (and waste the scroll)? [Y]es or [N]o only, please.
Really abort (and waste the scroll)?
Okay, then.
The killer bee closely misses you.
The killer bee stings you but does no damage.
The orc hits you from afar with a +0 trident.
* * * LOW HITPOINT WARNING * * *
The orc priest invokes the aid of Beogh against you.
Beogh smites you!
You die...

########+##
#........_###
#.$.......'.
#.....$$..#
#.........#
#...o†o...#
#y# #Y# ##.#
##..# #..##
#####'#####
#.........#
#.........#
#.........+
#.........#


You could see a killer bee, an orc priest and an orc.

Vanquished Creatures
  Harold (D:8)
  A two-headed ogre (D:8)
  An unseen horror (D:10)
  Pikel (D:9)
  Maggie (D:6)
  A kobold demonologist (D:9)
  A troll (D:7)
  Prince Ribbit (D:8)
  Grum (D:9)
  5 yaks
  A hungry ghost (D:8)
  A water moccasin (D:8)
  3 porcupines
  3 sky beasts
  4 slaves
  An ice beast (D:6)
  2 eyes of draining (D:6)
  2 phantoms
  2 necrophages
  4 orc warriors
  4 wolves (D:9)
  2 black bears (D:9)
  3 ogres
  4 centaurs
  A crocodile (D:9)
  Blork the orc (D:6)
  An elf zombie (Ossuary)
  3 bullfrogs
  A wyvern zombie (D:9)
  5 scorpions
  8 killer bees
  3 wights
  4 howler monkeys
  5 crimson imps
  2 bullfrog zombies
  A centaur zombie (D:10)
  4 hounds
  2 jellies
  8 orc priests
  19 orc wizards
  A centaur skeleton (D:8)
  2 iguanas (D:5)
  7 worker ants
  Ijyb (D:5)
  2 killer bee zombies
  3 mummies (Ossuary)
  Robin (D:3)
  A gnoll (D:6)
  11 adders
  3 shadow imps
  An ooze (D:3)
  5 adder zombies
  6 worms
  A dart slug (D:3)
  4 leopard geckos
  82 orcs
  A ball python (D:3)
  8 giant cockroaches
  A gnoll zombie (Ossuary)
  20 goblins
  6 hobgoblins
  8 jackals
  3 quokkas
  4 bats
  6 frilled lizards
  2 goblin zombies (Ossuary)
  4 hobgoblin zombies (Ossuary)
  5 kobolds
  2 kobold zombies (Ossuary)
  A leopard gecko skeleton (D:5)
  4 rats
  4 rat zombies (Ossuary)
  4 fungi (D:5)
332 creatures vanquished.

Vanquished Creatures (collateral kills)
  An orc (D:9)
1 creature vanquished.

Vanquished Creatures (others)
  A human (D:9)
  16 fungi (D:9)
17 creatures vanquished.

Grand Total: 350 creatures vanquished

Notes
Turn   | Place    | Note
-------+----------+-------------------------------------------
     0 | D:1      | 15 the Draconian Transmuter began the quest for the Orb.
     0 | D:1      | Reached XP level 1. HP: 16/16 MP: 3/3
   174 | D:1      | Reached XP level 2. HP: 15/23 MP: 3/5
   384 | D:1      | Learned a level 2 spell: Sticks to Snakes
  1007 | D:2      | Reached XP level 3. HP: 22/29 MP: 6/6
  1724 | D:3      | Reached XP level 4. HP: 23/36 MP: 7/7
  1729 | D:3      | Learned a level 3 spell: Spider Form
  1864 | D:3      | Found a sparkling altar of Nemelex Xobeh.
  1864 | D:3      | Found an opulent altar of Gozag.
  1865 | D:3      | Found a glowing silver altar of Zin.
  2012 | D:3      | Noticed Robin
  2027 | D:3      | Killed Robin
  2027 | D:3      | Reached XP level 5. HP: 34/42 MP: 6/8
  2163 | D:3      | You fall into a shaft and drop 3 floors!
  2199 | D:5      | Entered Level 5 of the Dungeon
  2216 | D:4      | Found a sand-covered staircase.
  2216 | D:4      | You fall into a shaft and drop 2 floors!
  2444 | Ossuary  | Entered an ossuary
  2461 | Ossuary  | Reached XP level 6. HP: 25/50 MP: 7/10
  3115 | D:3      | Learned a level 1 spell: Corona
  3120 | D:3      | Learned a level 4 spell: Ice Form
  3302 | D:3      | You fall into a shaft and drop 3 floors!
  3369 | D:5      | Your scales start taking on a glossy black colour.
  3369 | D:5      | Reached XP level 7. HP: 52/57 MP: 12/12
  3369 | D:5      | Gained mutation: You are resistant to electric shocks.
                  | (rElec) [Black Draconian growth]
  3382 | D:5      | Reached skill level 5 in Unarmed Combat
  3774 | D:4      | Reached skill level 1 in Hexes
  3963 | D:4      | Found Ufaap's Antique Armour Shoppe.
  3966 | D:4      | Bought a glowing scarf for 168 gold pieces
  4376 | D:5      | Noticed Ijyb
  4381 | D:5      | Killed Ijyb
  4386 | D:5      | Reached skill level 1 in Evocations
  4835 | D:5      | Reached skill level 1 in Stealth
  4867 | D:5      | Reached XP level 8. HP: 60/65 MP: 7/13
  4988 | D:6      | Noticed Blork the orc
  5019 | D:6      | Killed Blork the orc
  5163 | D:6      | Noticed Maggie
  5177 | D:6      | Found a staircase to the Ecumenical Temple.
  5194 | Temple   | Entered the Ecumenical Temple
  5404 | Temple   | Became a worshipper of the Wu Jian Council
  5492 | D:6      | Found a hide-covered altar of Uskayaw.
  5499 | D:6      | Reached skill level 5 in Fighting
  5568 | D:6      | Killed Maggie
  5902 | D:6      | Found a bloodstained altar of Trog.
  5988 | D:6      | Reached XP level 9. HP: 71/74 MP: 8/16
  6006 | D:6      | Reached skill level 5 in Spellcasting
  6268 | D:7      | Reached skill level 1 in Poison Magic
  6516 | D:7      | Noticed a troll
  6529 | D:7      | Killed a troll
  6529 | D:7      | Reached * piety under Wu Jian
  6662 | D:7      | Reached skill level 1 in Ice Magic
  6808 | D:7      | Found a glowing golden altar of the Shining One.
  7235 | D:8      | Noticed Harold
  7235 | D:8      | Noticed a two-headed ogre
  7264 | D:8      | Reached skill level 5 in Transmutations
  7525 | D:8      | Killed Harold
  7525 | D:8      | Reached XP level 10. HP: 67/86 MP: 19/19
  7931 | D:8      | Noticed Prince Ribbit
  7939 | D:8      | Killed Prince Ribbit
  7948 | D:8      | Found an iron altar of Okawaru.
  8049 | D:8      | Killed a two-headed ogre
  8049 | D:8      | Reached skill level 5 in Dodging
  8170 | D:8      | Reached ** piety under Wu Jian
  9063 | D:9      | Noticed Pikel
  9095 | D:8      | Learned a level 5 spell: Blade Hands
  9122 | D:9      | Found a staircase to the Orcish Mines.
  9327 | D:9      | Found a roughly hewn altar of Beogh.
 10107 | D:9      | Found a basalt altar of Yredelemnul.
 10130 | D:9      | Killed Pikel
 10158 | D:9      | Found a staircase to the Lair.
 10221 | D:9      | Found a shadowy altar of Dithmenos.
 10255 | D:9      | Found Ycusch's Antique Weapon Emporium.
 10390 | D:9      | Noticed Grum
 10399 | D:9      | Reached XP level 11. HP: 77/99 MP: 18/21
 10448 | D:9      | Killed Grum
 10448 | D:9      | Reached *** piety under Wu Jian
 10681 | D:8      | Reached skill level 10 in Fighting
 10853 | D:9      | Reached skill level 5 in Evocations
 10946 | D:9      | Found an ancient bone altar of Kikubaaqudgha.
 11074 | D:9      | Reached skill level 10 in Unarmed Combat
 11183 | D:10     | Entered Level 10 of the Dungeon
 11565 | D:10     | Killed an unseen horror
 11673 | D:10     | Found a roughly hewn altar of Beogh.
 11732 | D:10     | HP: 4/121 [orc/+0 trident (3)]
 11732 | D:10     | Killed from afar by an orc priest

Levels and vault maps discovered:
D:1:      dpeg_arrival_houses_and_road, layout_basic
D:2:      kennysheep_six_static_rooms, layout_basic, first_ration
D:3:      layout_rooms, gammafunk_temple_overflow_claw,
          kennysheep_generic_room_14, uniq_robin
D:4:      layout_loops_ring, nicolae_ossuary_entry_monument, serial_shops,
          kennysheep_mini_moat, minmay_misc_feat_chi
D:5:      layout_loops_ring, water_boxes_lemuel, uniq_ijyb
D:6:      layout_loops_ring, old_standard_altar, trog_eyes_of_draining,
          temple_pool_b, minmay_crystal_room, uniq_maggie, uniq_blork_the_orc
D:7:      layout_loops_corners, kennysheep_mini, grunt_ogre_cave
D:8:      layout_rooms, lemuel_doored_altar, grunt_ministairs_4,
          chequers_serial_rivers_small_b, uniq_harold, uniq_prince_ribbit1
D:9:      layout_irregular_city, nicolae_overflow_hidden_temple,
          yredelemnul_altar_generic, due_lair_maze_entry_diamond,
          minmay_orc_entry_temple_small, serial_shops, kennysheep_little_box,
          tgw_kikubaaqudgha, uniq_grum, uniq_pikel
D:10:     layout_roguey [special_room_orc]
Temple:   oiseaux_autumnal_temple

Skill      XL: |  1  2  3  4  5  6  7  8  9 10 11 |
---------------+----------------------------------+-----
Dodging        | 2 3 4 5 |  5.8
Fighting       | 2 3 4 5 7 9 10 | 10.4
Unarmed Combat | 4 6 7 8 9 10 | 10.3
Spellcasting   | 3 4 6 7 |  7.0
Transmutations | 3 4 5 6 |  6.1
Hexes          | 1 |  1.4
Evocations     | 1 2 3 4 5 |  5.2
Stealth        | 1 2 |  2.8
Poison Magic   | 1 |  1.7
Ice Magic      | 1 |  1.6

Action                   |  1- 3 |  4- 6 |  7- 9 | 10-12 || total
-------------------------+-------+-------+-------+-------++-------
Melee: Unarmed           |   165 |   312 |   451 |   477 ||  1405
       Tailslap          |    12 |    34 |    40 |    35 ||   121
       Kick              |     6 |     6 |     2 |       ||    14
       Punch             |     3 |     3 |    10 |     6 ||    22
       Headbutt          |     2 |    24 |    17 |    14 ||    57
 Cast: Beastly Appendage |    13 |    27 |    12 |    10 ||    62
       Sticks to Snakes  |     2 |     3 |       |     3 ||     8
       Spider Form       |       |     1 |    15 |     3 ||    19
       Corona            |       |       |     8 |     1 ||     9
       Ice Form          |       |       |     4 |    10 ||    14
Invok: Lunge             |       |       |    25 |    47 ||    72
       Whirlwind         |       |       |    23 |   123 ||   146
       Serpent's Lash    |       |       |       |     2 ||     2
 Abil: Wall Jump         |       |       |       |     9 ||     9
       Breathe Lightning |       |       |       |     3 ||     3
Evoke: Wand              |       |       |    11 |    13 ||    24
  Use: Scroll            |     6 |     8 |     5 |     2 ||    21
       Potion            |       |     5 |     6 |     7 ||    18
 Stab: Sleeping          |     2 |     1 |     5 |       ||     8
  Eat: Chunk             |     3 |     7 |    16 |    13 ||    39
       Ration            |       |       |       |     2 ||     2
Armor: Skin              |    51 |    87 |    74 |   178 ||   390
Dodge: Dodged            |    89 |   180 |   234 |   277 ||   780

Table legend:
 A = Non-vault XP
 B = Vault XP
 C = Vault XP percentage of total XP
 D = Non-vault monster count
 E = Vault monster count
 F = Vault count percentage of total count
                 A         B        C        D         E       F
            +---------+---------+-------+---------+---------+-------
      Total |    9274 |    5387 |  36.7 |     223 |      98 |  30.5
            +---------+---------+-------+---------+---------+-------
        D:1 |      28 |       0 |   0.0 |      17 |       0 |   0.0
        D:2 |      32 |      10 |  23.8 |      13 |       5 |  27.8
        D:3 |     276 |      34 |  11.0 |      35 |      11 |  23.9
        D:4 |     168 |       0 |   0.0 |      12 |       0 |   0.0
        D:5 |     606 |      35 |   5.5 |      30 |       1 |   3.2
        D:6 |     815 |     754 |  48.1 |      14 |       6 |  30.0
        D:7 |    1224 |     116 |   8.7 |      22 |       1 |   4.3
        D:8 |    3115 |    1619 |  34.2 |      44 |       6 |  12.0
        D:9 |    1685 |    2561 |  60.3 |      27 |      25 |  48.1
       D:10 |    1325 |      69 |   4.9 |       9 |      23 |  71.9
    Ossuary |       0 |     189 | 100.0 |       0 |      20 | 100.0
            +---------+---------+-------+---------+---------+-------
